 Dungeon Crawl Stone Soup version 0.28-a0-828-g0121872642 (webtiles) character file.

Game seed: 5687512092733175249

1038 oldriver the Magician (level 8, -8/56 HPs)
             Began as a Djinni Summoner on Nov 11, 2021.
             Was an Initiate of Dithmenos.
             Killed from afar by a white imp (9 damage)
             ... with a puff of frost
             ... on level 7 of the Dungeon.
             The game lasted 00:19:59 (13626 turns).

oldriver the Magician (Djinni Summoner)            Turns: 13626, Time: 00:20:00

Health: -8/56      AC:  2    Str: 10 (13) XL:     8   Next: 48%
Gold:   418        EV: 12    Int: 15 (18) God:    Dithmenos [......] SH:  0 Dex: 13 (15)

rFire   + + .      SeeInvis .   m - +2 short sword (venom)
rCold   x . .      Faith    .   (no shield)
rNeg    + . .      Spirit   .   a - +0 robe
rPois   ∞          Reflect  .   (no helmet)
rElec   .          Harm     .   (no cloak)
rCorr   .          Rampage  .   (no gloves)
Will    .....                   (boots unavailable)
Stlth   ++........              (no amulet)
HPRegen 0.18/turn               f - +6 ring of strength
MPRegen 0.00/turn               o - ring of positive energy

@: flying
A: sickness immunity, fire resistance 2, cold vulnerability 1, float, innate
caster, hp casting, extra vitality 1
a: Renounce Religion


You were on level 7 of the Dungeon.
You worshipped Dithmenos.
Dithmenos was noncommittal.
You visited 2 branches of the dungeon, and saw 8 of its levels.

You collected 418 gold pieces.

Inventory:

Hand Weapons
 m - a +2 short sword of venom (weapon)
Armour
 a - a +0 robe (worn)
Magical Staves
 n - a staff of fire
Jewellery
 f - a +6 ring of strength (left hand)
 o - a ring of positive energy (right hand)
 p - a ring of see invisible
Scrolls
 b - 2 scrolls of magic mapping {unknown}
 d - 7 scrolls of identify {unknown}
 g - 2 scrolls of immolation {unknown}
 h - 2 scrolls of enchant armour {unknown}
 k - 2 scrolls of fog {unknown}
 q - a scroll of brand weapon {unknown}
 r - a scroll of teleportation {unknown}
Potions
 c - a potion of flight {unknown}
 e - a potion of attraction {unknown}
 i - a potion of curing
 l - a potion of haste {unknown}
 s - a potion of heal wounds {unknown}


   Skills:
 * Level 3.1 Fighting
 + Level 0.1 Short Blades
 + Level 2.4 Dodging
 + Level 2.4 Stealth
 * Level 7.2 Spellcasting


You had 2 spell levels left.
You knew the following spells:

 Your Spells              Type           Power      Damage    Failure   Level
a - Summon Small Mammal   Summ           100%       N/A       1%          1
b - Call Imp              Summ           27%        N/A       1%          2
c - Call Canine Familiar  Summ           27%        N/A       1%          3
d - Summon Guardian Gole  Hex/Summ       27%        N/A       1%          3
e - Summon Lightning Spi  Summ/Air       27%        N/A       6%          4
f - Sting                 Tmut/Pois      100%       1d8       1%          1
g - Poisonous Vapours     Pois/Air       54%        N/A       1%          2
h - Spider Form           Tmut/Pois      27%        N/A       1%          3
Your spell library was empty.

Dungeon Overview and Level Annotations

Branches:
Dungeon (7/15)             Temple (1/1) D:6

Altars:
Ashenzari
Dithmenos
Elyvilon
Fedhas
Gozag
Okawaru
Sif Muna
Trog
Vehumet
Wu Jian
Xom
Zin

Shops:
D:3 *   D:5 *


Innate Abilities, Weirdness & Mutations

You are immune to sickness and miasma.
You are immune to poison.
Your flesh is very heat resistant. (rF++)
You are vulnerable to cold. (rC-)
You float through the air rather than walking.
You learn spells naturally, not from books.
Your magical power is your life essence.
You have superior vitality. (+4 HP)


Message History

The puff of frost hits your quokka!
Your quokka dies!
Your quokka's corpse disappears in a puff of smoke!
Your hound bites the white imp but does no damage.
Your hound barely misses the white imp.
Your hound bites the white imp.
A necrophage comes into view.
The white imp gestures at you. The puff of frost hits you!!
You feel a terrible chill!
Your hound bites the white imp.
Your hound closely misses the white imp.
The necrophage hits your hound. The white imp gestures at you.
The puff of frost hits you!
You feel a terrible chill!
Your hound closely misses the white imp.
The necrophage hits your hound but does no damage.
The white imp gestures at you. The puff of frost hits you!
You feel a terrible chill!
* * * LOW HITPOINT WARNING * * *
Your hound bites the necrophage.
Your hound barely misses the necrophage.
The necrophage hits your hound. The necrophage drains your hound.
Your hound bites the necrophage. x2
Your hound bites the necrophage.
Your hound bites the necrophage.
The white imp closely misses you. The white imp barely misses you.
Your hound closely misses the necrophage.
Your hound barely misses the necrophage.
The white imp barely misses you.
Your hound bites the necrophage but does no damage.
The necrophage misses your hound. The white imp gestures at you.
The puff of frost hits you!
You feel a terrible chill!
* * * LOW HITPOINT WARNING * * *
Your hound bites the necrophage.
Your hound closely misses the necrophage.
The necrophage hits your hound but does no damage.
The white imp gestures at you. The puff of frost hits you!
You feel a terrible chill!
You die...

#... #>.. #... #.# #.#
... #.# #.# .. #.# #.#
#. #.# #.# #.#######.#
###.#
#...hn5.#.########.#.#
#######@#............###
#........#........
####..........####
#.....###..# ##...##
##.# ##.## #.# #.# #.#
#.# #.# ..# #.####


You could see a necrophage (ally target), a white imp and a friendly hound
(summoned, drained).

Vanquished Creatures
  An orc priest (D:7)
  An adder (D:2)
  An orc (D:6)
  A ball python (D:1)
  A rat (D:2)
5 creatures vanquished.

Vanquished Creatures (collateral kills)
  Duvessa (D:7)
  3 scorpions
  Dowan (D:7)
  A water moccasin skeleton (D:6)
  A howler monkey (D:7)
  A centaur skeleton (D:5)
  A hound (D:5)
  3 orc priests
  A bullfrog skeleton (D:5)
  A jelly (D:5)
  2 iguanas
  3 orc wizards
  A killer bee zombie (D:6)
  A hound zombie (D:5)
  3 adders
  A howler monkey skeleton (D:5)
  3 shadow imps
  A white imp (D:5)
  An adder skeleton (D:5)
  A worm (D:3)
  A dart slug (D:1)
  18 orcs
  5 endoplasms
  2 giant cockroaches
  6 goblins
  6 hobgoblins
  5 jackals
  8 kobolds
  2 quokkas (D:3)
  3 ball pythons
  6 bats
  5 frilled lizards
  2 rats
  A spectral goblin (D:2)
101 creatures vanquished.

Vanquished Creatures (others)
  2 orc wizards (D:7)
  6 plants
8 creatures vanquished.

Grand Total: 114 creatures vanquished

Notes
Turn   | Place    | Note
-------+----------+-------------------------------------------
     0 | D:1      | oldriver the Djinni Summoner began the quest for the Orb.
     0 | D:1      | Reached XP level 1. HP: 15/15 MP: 0/0
   746 | D:1      | Reached XP level 2. HP: 18/21 MP: 0/0
  2517 | D:1      | Reached XP level 3. HP: 20/25 MP: 0/0
  2517 | D:1      | Learned a level 1 spell: Sting
  3306 | D:2      | Found a faded altar of an unknown god.
  3336 | D:2      | Reached skill level 4 in Spellcasting
  4344 | D:2      | Found a glowing silver altar of Zin.
  4661 | D:2      | Reached XP level 4. HP: 25/31 MP: 0/0
  5588 | D:3      | Noticed a scorpion
  5643 | D:3      | Killed a scorpion
  5644 | D:3      | Reached skill level 1 in Fighting
  5644 | D:3      | Reached XP level 5. HP: 15/37 MP: 0/0
  5644 | D:3      | Learned a level 2 spell: Poisonous Vapours
  6510 | D:3      | Found Butwye's General Store.
  7085 | D:4      | Reached skill level 5 in Spellcasting
  7085 | D:4      | Reached XP level 6. HP: 37/43 MP: 0/0
  7853 | D:4      | Found a bloodstained altar of Trog.
  8127 | D:5      | Entered Level 5 of the Dungeon
  8375 | D:5      | Found Doxeak's Gadget Gallery.
  8462 | D:5      | Reached XP level 7. HP: 45/49 MP: 0/0
  8462 | D:5      | Learned a level 3 spell: Spider Form
  8528 | D:5      | Found a blossoming altar of Fedhas.
  9226 | D:5      | Reached skill level 6 in Spellcasting
  9360 | D:5      | Identified the +6 falchion of Loz Wuot {antimagic, *Noise
                  | Fly rCorr}
 10349 | D:6      | Found a staircase to the Ecumenical Temple.
 10377 | Temple   | Entered the Ecumenical Temple
 10759 | Temple   | Became a worshipper of Dithmenos the Shadowed
 11371 | D:6      | Reached XP level 8. HP: 46/55 MP: 0/0
 12312 | D:7      | Noticed Duvessa
 12325 | D:7      | Killed Duvessa
 12358 | D:7      | Noticed Dowan
 12390 | D:7      | Reached skill level 7 in Spellcasting
 12709 | D:7      | Killed Dowan
 13625 | D:7      | HP: 1/56 [white imp/puff of frost (13)]
 13626 | D:7      | Killed from afar by a white imp

Illustrated notes

Levels and vault maps discovered:
D:1:      co_arrival_random_square_maze, layout_basic, serial_forest,
          infiniplex_forest_straight_3, infiniplex_forest_lined_4_way,
          infiniplex_forest_clump_tiny, infiniplex_forest_lined_3,
          infiniplex_forest_join, infiniplex_forest_corner_2,
          infiniplex_forest_straight_3
D:2:      layout_basic, basic_altar, dreamdust_ecumenical_altar_drowned_temple,
          minmay_split_cup_large
D:3:      layout_basic, serial_shops, nicolae_shop_behind_doors
D:4:      layout_rooms, kennysheep_little_box
D:5:      layout_cave_pods, fedhas_ov_isle_minmay, dk_noncrumbling_3,
          nicolae_shop_gadgets
D:6:      layout_basic, minmay_temple_entry_gardened_gates
D:7:      layout_loops_ring, minitemple, uniq_duvessa
Temple:   compressed_dpeg_triangle_lava_temple

Skill      XL: |  1  2  3  4  5  6  7  8 |
---------------+-------------------------+-----
Spellcasting   | 4 5 6 7 |  7.2
Fighting       | 1 2 3 |  3.1
Stealth        | 2 |  2.4
Short Blades   | |  0.1
Dodging        | |  2.4

Action                   |  1- 3 |  4- 6 |  7- 9 || total
-------------------------+-------+-------+-------++-------
Melee: Unarmed           |    13 |       |       ||    13
       Dagger            |     5 |     4 |       ||     9
       Short sword       |       |       |     8 ||     8
 Cast: Summon Small Mamm |    66 |    89 |    62 ||   217
       Call Imp          |    23 |    33 |    25 ||    81
       Sting             |     1 |       |     1 ||     2
       Call Canine Famil |       |    21 |    31 ||    52
       Summon Guardian G |       |       |    29 ||    29
       Spider Form       |       |       |     1 ||     1
  Use: Potion            |       |       |     2 ||     2
Armor: Robe              |     9 |     2 |     5 ||    16
Dodge: Dodged            |    43 |     6 |    30 ||    79

Table legend: (Time is in decaauts)
 A = Elapsed time spent in this place.
 B = Non-inter-level travel time spent in this place.
 C = Inter-level travel time spent in this place.
 D = Time resting spent in this place.
 E = Time spent auto-exploring this place.
 F = Levels seen in this place.
 G = Mean time per level.
                   A        B        C        D        E       F      G
               +--------+--------+--------+--------+--------+-----+--------+
         Total |  13628 |  13202 |    426 |   5632 |   5809 |   8 | 1703.5 |
       Dungeon |  13238 |  12879 |    359 |   5632 |   5498 |   7 | 1891.1 |
        Temple |    389 |    322 |     67 |      0 |    311 |   1 |  389.0 |
               +--------+--------+--------+--------+--------+-----+--------+

Top non-repeatable levels by time:
     D:1: 3274 daAuts
     D:6: 2260 daAuts
     D:5: 2215 daAuts
     D:2: 2099 daAuts
     D:3: 1697 daAuts
     D:4: 1054 daAuts
     D:7: 637 daAuts
  Temple: 389 daAuts
